 Dungeon Crawl Stone Soup version 0.17-a0-1910-g4c791fa (webtiles) character file.

54 masdan the Caller (level 3, -7/24 HPs)
             Began as a Mummy Summoner on Sept 25, 2015.
             Mangled by Sigmund
             ... wielding a cursed +0 scythe
              (11 damage)
             ... on level 2 of the Dungeon.
             The game lasted 00:08:08 (1752 turns).

masdan the Caller (Mummy Summoner)                  Turns: 1752, Time: 00:08:08

Health: -7/24      AC:  3    Str: 11    XL:     3   Next: 66%
Magic:  3/7        EV: 12    Int: 15    God:
Gold:   42         SH:  0    Dex: 12    Spells: 3 memorised, 2 levels left

rFire  x . .     SeeInvis .     g - +1 dagger (drain)
rCold  + . .     Clarity  .     a - +0 robe
rNeg   + + +     SustAt   .     (no shield)
rPois  ∞         Gourm    .     (no helmet)
rElec  .         Spirit   .     l - +0 cloak
rCorr  .         Warding  .     (no gloves)
rMut   .         Stasis   .     (no boots)
MR     .....                    (no amulet)
Stlth  ++........               (no ring)
                                c - ring of flight

@: not resistant to hostile enchantments, unstealthy
A: no food or potions, fire vulnerability, cold resistance 1, negative energy
resistance 3, torment resistance, unbreathing
a: Evoke Flight


You were on level 2 of the Dungeon.
You were not hungry.

You visited 1 branch of the dungeon, and saw 2 of its levels.

You collected 42 gold pieces.

Inventory:

Hand weapons
 d - a +0 hunting sling
 e - a cursed -3 club
 g - a +1 dagger of draining (weapon)
 o - a cursed -2 club
 p - a +0 dagger
 s - a +0 dagger
Missiles
 m - 52 stones (quivered)
Armour
 a - a +0 robe (worn)
 l - a +0 cloak (worn)
Jewellery
 c - a ring of flight (left hand)
 k - an uncursed ring of poison resistance
 q - a +3 ring of intelligence {unknown}
Scrolls
 j - a scroll of remove curse {unknown}
 n - a scroll of immolation {unknown}
 r - a scroll of identify {unknown}
Potions
 i - 2 potions of heal wounds {unknown}
Books
 b - a book of Callings

   Spells                             Type                      Level
   a - Summon Small Mammal            Summoning                    1
   b - Call Imp                       Summoning                    2
   c - Call Canine Familiar           Summoning                    3
   d - Summon Guardian Golem          Hexes/Summoning              3
   e - Summon Lightning Spire         Summoning/Air                4
   f - Summon Ice Beast               Ice/Summoning                4
Comestibles
 f - a bread ration
 h - 2 chunks of flesh


   Skills:
 + Level 0.1 Short Blades
 - Level 1.5 Dodging
 - Level 1.5 Stealth
 * Level 3.1 Spellcasting
 + Level 3.8 Summonings


You had 2 spell levels left.
You knew the following spells:

 Your Spells              Type           Power        Failure   Level  Hunger
a - Summon Small Mammal   Summ           ##..         4%          1    N/A
b - Call Imp              Summ           ##......     8%          2    N/A
c - Call Canine Familiar  Summ           ##......     14%         3    N/A

Dungeon Overview and Level Annotations

Branches:
Dungeon (2/15)

Altars:

Annotations:
D:2 Sigmund


Innate Abilities, Weirdness & Mutations

You do not eat or drink.
Your flesh is vulnerable to fire.
You are immune to poison.
Your flesh is cold resistant.
You are immune to negative energy.
You are immune to unholy pain and torment.
You can survive without breathing.


Message History

You're too confused to cast spells.
Unknown command.
You feel less confused.
Casting: Call Imp
Confirm with . or Enter, or press ? or * to list all spells.
A beastly little devil appears in a puff of flame.
Something hits you!
Ouch! That really hurt!
* * * LOW HITPOINT WARNING * * *
Your crimson imp closely misses something.
Found a stone staircase leading down.
A hobgoblin comes into view.
Casting: Call Imp
Confirm with . or Enter, or press ? or * to list all spells.
A beastly little devil appears in a puff of frigid air.
Casting: Call Imp
Confirm with . or Enter, or press ? or * to list all spells.
A beastly little devil appears in a puff of flame.
Something hits you!
You die...

##### #...#
###########.#########
....................>
.########.###..#####..#
...................#..#
.########.###..#####..#
......5@.......)# #..#
#######......5..###..#
#5^.##.........#
#...##..#.###..#
#.......<.# #..#
#.#..#.#### #..#
#.#..### #..# ###.#..##
#..#
......g..#######..#


You could see 2 friendly crimson imps and a friendly white imp.

Vanquished Creatures
  A giant gecko (D:1)
  2 bats (D:1)
  A giant cockroach (D:1)
  3 goblins
  2 hobgoblins (D:1)
  4 kobolds (D:1)
  A rat (D:1)
  2 fungi (D:1)
16 creatures vanquished.

Vanquished Creatures (collateral kills)
  A giant frog (D:1)
  A giant gecko (D:1)
  3 giant cockroaches (D:1)
  3 hobgoblins (D:1)
  2 jackals (D:1)
  3 kobolds (D:1)
  A bat (D:1)
  2 goblins (D:1)
  A rat (D:1)
17 creatures vanquished.

Grand Total: 33 creatures vanquished

Notes
Turn   | Place    | Note
--------------------------------------------------------------
     0 | D:1      | masdan the Mummy Summoner began the quest for the Orb.
     0 | D:1      | Reached XP level 1. HP: 13/13 MP: 3/3
   647 | D:1      | Reached XP level 2. HP: 19/19 MP: 5/5
   918 | D:1      | Learned a level 2 spell: Call Imp
  1541 | D:1      | Noticed a giant frog
  1550 | D:1      | Killed a giant frog
  1550 | D:1      | Reached XP level 3. HP: 24/24 MP: 2/7
  1555 | D:1      | Learned a level 3 spell: Call Canine Familiar
  1723 | D:2      | Noticed Sigmund
  1752 | D:2      | Mangled by Sigmund

Vault maps used:
D:1:      dpeg_cavernosity
D:2:      feat_on_display, uniq_sigmund

Action                   || total
-------------------------++-------
Melee: Unarmed           ||    95
       Dagger            ||    26
 Cast: Summon Small Mamm ||    21
       Call Imp          ||    14
 Stab: Sleeping          ||     1
